 Dungeon Crawl Stone Soup version 0.21-a0-401-g0b6bec4 (webtiles) character file.

12117 Moloch the Thaumaturge (level 11, 0/61 HPs)
             Began as an Octopode Wizard on Oct 21, 2017.
             Was a Believer of Vehumet.
             Slain by a two-headed ogre
             ... wielding a +0 giant club
              (19 damage)
             ... on level 11 of the Dungeon.
             The game lasted 01:07:59 (18340 turns).

Moloch the Thaumaturge (Octopode Wizard)           Turns: 18340, Time: 01:08:00

Health: 0/61       AC:  6    Str:  8    XL:     11   Next: 88%
Magic:  12/26      EV: 13    Int: 21    God:    Vehumet [**....]
Gold:   755        SH:  0    Dex: 10    Spells: 22/33 levels left

rFire    . . .     SeeInvis .   r - +1 hunting sling
rCold    + . .     Gourm    .   (no shield)
rNeg     . . .     Faith    .   a - +0 hat
rPois    .         Spirit   .   (no amulet)
rElec    .         Reflect  .   C - ring of wizardry
rCorr    .         Harm     .   p - +2 ring of protection
MR       +....                  D - ring of protection from magic
Stlth    ++........             (no ring)
HPRegen  0.20/turn              (no ring)
MPRegen  0.20/turn              (no ring)
                                (no ring)
                                (no ring)

@: confused
A: almost no armour, stealthy swim, amphibious, 8 rings, constrict 8, tentacle
spike 1, slimy green scales 1, camouflage 1, cold resistance 1, dopey 1, shaggy
fur 1, gelatinous body 1, subdued magic 1
a: Renounce Religion


You were on level 11 of the Dungeon.
You worshipped Vehumet.
Vehumet was pleased with you.
You were very hungry.

You visited 2 branches of the dungeon, and saw 13 of its levels.

You collected 755 gold pieces.

Inventory:

Hand Weapons
 r - a +1 hunting sling (weapon)
 O - a +0 blowgun
 U - a +0 hand axe of electrocution
Missiles
 f - 12 poisoned needles
 j - 207 stones (quivered)
 q - 6 curare-tipped needles
 t - 55 sling bullets
Armour
 a - a +0 hat (worn)
 F - a +0 buckler
Magical Staves
 w - an uncursed staff of fire
 y - an uncursed staff of air
Jewellery
 p - a +2 ring of protection (right tentacle)
 C - a ring of wizardry (left tentacle)
 D - a ring of protection from magic (on tentacle)
Wands
 g - a wand of polymorph (10/24)
 n - a wand of flame (35/48)
 s - a wand of disintegration (2/24)
 u - a wand of acid (0/15)
 B - a wand of acid (0/15)
 H - a wand of disintegration (6/24)
 N - a wand of confusion (23/48)
Scrolls
 h - a scroll of fear {unknown}
 i - 2 scrolls of blinking
 m - 2 scrolls of teleportation
 x - 2 scrolls of fog
 E - a scroll of random uselessness {unknown}
 I - 2 scrolls of enchant armour {unknown}
 L - 2 scrolls of summoning {unknown}
 M - a scroll of silence {unknown}
 P - a scroll of identify
 Q - 3 scrolls of remove curse
 S - a scroll of recharging {unknown}
 T - a scroll of brand weapon {unknown}
Potions
 d - 4 potions of curing
 e - a potion of ambrosia {unknown}
 l - a potion of cancellation
 o - 4 potions of might
 v - 3 potions of lignification {unknown}
 z - 2 potions of invisibility
 A - a potion of brilliance {unknown}
 J - 2 potions of berserk rage
 K - a potion of heal wounds
Books
 b - a book of Minor Magic

   Spells                             Type                      Level
   a - Magic Dart                     Conjuration                  1
   b - Blink                          Translocation                2
   c - Call Imp                       Summoning                    2
   d - Slow                           Hexes                        2
   e - Conjure Flame                  Conjuration/Fire             3
   f - Mephitic Cloud                 Conjuration/Poison/Air       3
Miscellaneous
 R - a sack of spiders
Comestibles
 c - 13 bread rations
 k - a meat ration
 G - 2 royal jellies


   Skills:
 - Level 2.0 Dodging
 - Level 2.6 Stealth
 + Level 11.7 Spellcasting
 + Level 9.2 Conjurations
 - Level 1.0 Summonings
 - Level 1.0 Translocations
 * Level 10.4 Fire Magic


You had 22 spell levels left.
You knew the following spells:

 Your Spells              Type           Power        Failure   Level  Hunger
a - Magic Dart            Conj           ####         1%          1    None
b - Blink                 Tloc           N/A          1%          2    None
c - Call Imp              Summ           ##......     1%          2    None
d - Mephitic Cloud        Conj/Pois/Air  ###.....     1%          3    None
e - Conjure Flame         Conj/Fire      #####...     1%          3    None


Dungeon Overview and Level Annotations

Branches:
Dungeon (12/15)            Temple (1/1) D:7            Lair (0/6) D:11
    Orc (0/2) D:11

Altars:
Ashenzari
Cheibriados
Dithmenos
Elyvilon
Fedhas
Gozag
Hepliaklqana
Kikubaaqudgha
Makhleb
Nemelex Xobeh
Okawaru
Qazlal
Ru
Sif Muna
Trog
Uskayaw
Vehumet
Wu Jian
Xom
Yredelemnul
Zin
The Shining One
Beogh

Shops:
D:8 *

Annotations:
D:10 exclusion: downstairs, peterprinciple's ghost, journeyman OpVM
D:11 exclusion: 2 doors


Innate Abilities, Weirdness & Mutations

You cannot wear most types of armour.
You are very stealthy in the water. (Stealth+)
You are amphibious.
You can wear up to eight rings at the same time.
You can use your tentacles to constrict eight enemies at once.
Your skin changes colour to match your surroundings (Stealth+).
Your rubbery body absorbs attacks. (AC +1, EV +1)
One of your tentacles bears a spike.
You are partially covered in slimy green scales. (AC +2)
Your flesh is cold resistant. (rC+)
You are dopey. (Int -2)
You are covered in fur. (AC +1)
Your spells are a little easier to cast, but a little less powerful.


Message History

Confirm with . or Enter, or press ? or * to list all spells.
Aiming: Mephitic Cloud
Press: ? - help, Shift-Dir - straight line, f - two-headed ogre
Aim: a two-headed ogre, wielding a giant club and a giant spiked club (moderately wounded)
The ball explodes into a vile cloud!
The stinking cloud engulfs the two-headed ogre.
The two-headed ogre is moderately wounded.
The two-headed ogre is engulfed in noxious fumes.
The two-headed ogre hits you with a giant club!!
The two-headed ogre hits you with a giant spiked club!
Unknown command.
Unknown command.
Casting: Mephitic Cloud
Confirm with . or Enter, or press ? or * to list all spells.
You blink.
You are engulfed in noxious fumes.
You choke on the stench!
You are confused.
You're too confused to move!
You are engulfed in noxious fumes.
The two-headed ogre hits you with a giant club!
The two-headed ogre hits you with a giant spiked club!!
You die...

######## #########
.......####....§..#
.......+.##....O§§#
.......#D.#....§@§#
.......##.#.......#
.......##.#.......#
.......##.#.......#
.......##.#...[...#
.......##.#.......#
#####'###.........#
#..# ###.......#
#.## #####.###


You could see a two-headed ogre.

Vanquished Creatures
  A hydra (D:11)
  4 two-headed ogres
  A necromancer (D:11)
  Pikel (D:6)
  An orc knight (D:11)
  An ugly thing (D:11)
  Joseph (D:7)
  A troll (D:10)
  Grinder (D:4)
  2 hippogriffs
  Sigmund (D:3)
  A spriggan (D:7)
  4 yaks (D:9)
  Duvessa (D:5)
  A water moccasin (D:11)
  4 sky beasts
  An orc warrior (D:6)
  8 ice beasts
  2 slaves (D:6)
  A phantom (D:6)
  3 ogres
  3 centaurs
  A big kobold (D:10)
  5 bullfrogs
  3 wights (D:11)
  5 howler monkeys
  2 bullfrog zombies
  A centaur zombie (D:7)
  6 crimson imps
  2 quasits
  3 jellies
  3 bullfrog skeletons
  11 orc priests
  3 hounds
  2 centaur skeletons
  Jessica (D:3)
  Ijyb (D:3)
  Terence (D:2)
  2 iguanas
  6 worker ants
  12 orc wizards
  A polar bear simulacrum (D:11)
  4 yak simulacra (D:11)
  A killer bee zombie (D:8)
  4 wolf simulacra (D:11)
  2 worker ant zombies
  A howler monkey skeleton (D:7)
  14 adders
  2 shadow imps
  4 worms
  2 dart slugs
  6 leopard geckos
  58 orcs
  10 bats
  5 giant cockroaches
  8 goblins
  6 hobgoblins
  7 jackals
  7 quokkas
  A ball python (D:3)
  3 frilled lizards
  A jackal zombie (D:8)
  15 kobolds
  A leopard gecko zombie (D:5)
  4 rats
  2 river rat simulacra (D:11)
283 creatures vanquished.

Vanquished Creatures (collateral kills)
  A hippogriff (D:8)
  Eustachio (D:6)
  2 slaves
  2 ice beasts
  2 orc warriors (D:11)
  An eye of draining (D:11)
  A phantom (D:5)
  A centaur (D:7)
  2 bullfrogs
  Dowan (D:5)
  A howler monkey (D:11)
  An iguana (D:5)
  An orc wizard (D:8)
  4 worker ants
  A killer bee zombie (D:7)
  3 adders
  A shadow imp (D:5)
  7 orcs
  A quokka skeleton (D:5)
34 creatures vanquished.

Grand Total: 317 creatures vanquished

Notes
Turn   | Place    | Note
-------+----------+-------------------------------------------
     0 | D:1      | Moloch the Octopode Wizard began the quest for the Orb.
     0 | D:1      | Reached XP level 1. HP: 11/11 MP: 4/4
   217 | D:1      | Reached XP level 2. HP: 17/17 MP: 0/6
  1023 | D:2      | Reached XP level 3. HP: 21/21 MP: 2/7
  1027 | D:2      | Learned a level 2 spell: Blink
  1030 | D:2      | Learned a level 2 spell: Call Imp
  1034 | D:2      | Learned a level 3 spell: Mephitic Cloud
  1975 | D:2      | Found a sacrificial altar of Ru.
  1984 | D:2      | Reached XP level 4. HP: 27/27 MP: 4/8
  1988 | D:2      | Noticed Terence
  2048 | D:2      | Killed Terence
  2782 | D:3      | Reached XP level 5. HP: 31/31 MP: 1/9
  2908 | D:3      | Noticed Ijyb
  3069 | D:3      | Killed Ijyb
  3069 | D:3      | Reached skill level 5 in Conjurations
  3287 | D:3      | Noticed Sigmund
  3728 | D:3      | Killed Sigmund
  3728 | D:3      | Reached skill level 4 in Spellcasting
  3728 | D:3      | Reached XP level 6. HP: 36/36 MP: 2/12
  3779 | D:3      | Learned a level 3 spell: Conjure Flame
  3790 | D:3      | Noticed Jessica
  3791 | D:3      | Killed Jessica
  3897 | D:3      | Found a shadowy altar of Dithmenos.
  4436 | D:4      | Reached XP level 7. HP: 41/41 MP: 8/13
  5011 | D:4      | Reached skill level 1 in Fire Magic
  5514 | D:5      | Entered Level 5 of the Dungeon
  5523 | D:5      | Noticed Dowan
  5527 | D:5      | Noticed Duvessa
  5616 | D:5      | Reached skill level 5 in Spellcasting
  5879 | D:5      | Noticed Grinder
  6185 | D:5      | Gained mutation: You are partially covered in slimy green scales. (AC +2) [mutagenic meat]
  6319 | D:5      | Reached XP level 8. HP: 46/46 MP: 3/16
  6447 | D:5      | Paralysed by Grinder for 6 turns
  6481 | D:4      | Killed Grinder
  6481 | D:4      | Reached skill level 6 in Spellcasting
  6800 | D:5      | Killed Dowan
  6841 | D:5      | Killed Duvessa
  7298 | D:6      | Noticed Eustachio
  7781 | D:6      | Noticed Pikel
  7944 | D:6      | Reached skill level 7 in Spellcasting
  7980 | D:6      | Killed Eustachio
  8693 | D:6      | Killed Pikel
  8693 | D:6      | Reached skill level 8 in Spellcasting
  8693 | D:6      | Reached XP level 9. HP: 44/51 MP: 4/21
  9273 | D:6      | Gained mutation: You tend to lose your temper in combat. [mutagenic meat]
  9274 | D:6      | Gained mutation: Your spells are a little easier to cast, but a little less powerful. [mutagenic meat]
  9275 | D:6      | Lost mutation: You tend to lose your temper in combat. [mutagenic meat]
  9276 | D:6      | Gained mutation: You are dopey. (Int -2) [mutagenic meat]
  9277 | D:6      | Gained mutation: Your flesh is cold resistant. (rC+) [mutagenic meat]
  9364 | D:7      | Reached skill level 9 in Spellcasting
 10029 | D:7      | Found a white marble altar of Elyvilon.
 10058 | D:7      | Noticed Joseph
 10087 | D:7      | Noticed a hand axe
 10088 | D:7      | Noticed a dagger
 10239 | D:7      | Reached skill level 10 in Spellcasting
 10247 | D:7      | Killed Joseph
 10247 | D:7      | Reached XP level 10. HP: 28/56 MP: 3/24
 10302 | D:7      | Found a hide-covered altar of Uskayaw.
 10316 | D:7      | Found a staircase to the Ecumenical Temple.
 10325 | Temple   | Entered the Ecumenical Temple
 10776 | D:8      | Found a sparkling altar of Nemelex Xobeh.
 10784 | D:8      | Reached skill level 5 in Fire Magic
 10793 | D:8      | Found an opulent altar of Gozag.
 11589 | D:8      | Found Iresutoe's General Store.
 11603 | D:8      | Noticed a two-headed ogre
 11611 | D:8      | Killed a two-headed ogre
 12227 | D:8      | Found an ancient bone altar of Kikubaaqudgha.
 12256 | D:8      | Found a deep blue altar of Sif Muna.
 12281 | D:8      | Found a radiant altar of Vehumet.
 12298 | D:8      | Identified Vehumet's Disquisition on Combat Magic
 12300 | D:8      | Became a worshipper of Vehumet
 12431 | D:9      | Noticed a two-headed ogre
 12819 | D:9      | Killed a two-headed ogre
 13334 | D:9      | Gained mutation: You are covered in fur. (AC +1) [mutagenic meat]
 13729 | D:9      | Reached XP level 11. HP: 61/61 MP: 13/25
 13938 | D:10     | Entered Level 10 of the Dungeon
 14080 | D:10     | Reached * piety under Vehumet
 14080 | D:10     | Offered knowledge of Freeze by Vehumet.
 14166 | D:10     | Noticed a two-headed ogre
 14177 | D:10     | Killed a two-headed ogre
 14908 | D:10     | Found a shimmering altar of Xom.
 14908 | D:10     | Found a shimmering altar of Xom.
 14908 | D:10     | Found a shimmering altar of Xom.
 14908 | D:10     | Found a shimmering altar of Xom.
 14908 | D:10     | Found a shimmering altar of Xom.
 15064 | D:10     | Found a shimmering altar of Xom.
 15085 | D:10     | Noticed peterprinciple's ghost (journeyman OpVM)
 15325 | D:11     | Noticed a purple ugly thing
 15339 | D:11     | Killed a purple ugly thing
 15339 | D:11     | Reached skill level 11 in Spellcasting
 15405 | D:11     | Noticed a six-headed hydra
 15786 | D:11     | Noticed a two-headed ogre
 15791 | D:11     | Found a staircase to the Lair.
 15816 | D:11     | Reached skill level 10 in Fire Magic
 16044 | D:11     | Killed a two-headed ogre
 16212 | D:11     | Gained mutation: One of your tentacles bears a spike. [mutagenic meat]
 16629 | D:11     | Found a roughly hewn altar of Beogh.
 16629 | D:11     | Found a staircase to the Orcish Mines.
 16629 | D:11     | Noticed an orc knight
 16689 | D:11     | Reached ** piety under Vehumet
 16692 | D:11     | Offered knowledge of Sting by Vehumet.
 17376 | D:11     | Killed an orc knight
 17599 | D:11     | Noticed a necromancer
 17620 | D:11     | Killed a necromancer
 17620 | D:11     | Offered knowledge of Throw Frost by Vehumet.
 18135 | D:11     | Killed a six-headed hydra
 18320 | D:12     | Noticed a two-headed ogre
 18340 | D:11     | Slain by a two-headed ogre

Vault maps used:
D:1:      dpeg_arrival_arbitrary_a
D:2:      nicolae_ru_awakened_eye, uniq_terence
D:3:      grunt_dithmenos_smoke, uniq_ijyb, uniq_jessica, uniq_sigmund
D:4:      kennysheep_another_room
D:5:      first_bread, uniq_grinder, uniq_duvessa
D:6:      lightli_ossuary_entry_decrepit_ruins, hangedman_decor_clover_reticule,
          uniq_pikel, uniq_eustachio
D:7:      nicolae_overflow_crystal_walls, dancing_weapons_uskayaw,
          minmay_temple_entry_poolview, the_bakery, uniq_joseph
D:8:      grunt_temple_overflow_opulence, palyth_temple_overflow_mages,
          serial_shops, nicolae_shop_behind_doors
D:9:      kennysheep_generic_room_15
D:10:     xom_shifter_show
D:11:     lair_entry_dummy, david_orc_5, eino_house_with_fridge
D:12:     cheibrodos_breeding_chamber, uniq_josephine, uniq_fannar
Temple:   cyrus_circular_temple

Skill      XL: |  1  2  3  4  5  6  7  8  9 10 11 |
---------------+----------------------------------+-----
Conjurations   | 2 3 4 5 6 7 9 |  9.2
Spellcasting   | 4 5 8 10 11 | 11.7
Fire Magic     | 1 3 4 9 10 | 10.4
Dodging        | |  2.0
Stealth        | |  2.6
Summonings     | |  1.0
Translocations | |  1.0

Action                   |  1- 3 |  4- 6 |  7- 9 | 10-12 || total
-------------------------+-------+-------+-------+-------++-------
Melee: Unarmed           |     1 |       |       |       ||     1
       Tentacles         |     1 |       |       |       ||     1
 Fire: Hunting sling     |    52 |   192 |   325 |   370 ||   939
       Blowgun           |       |       |     7 |     5 ||    12
 Cast: Magic Dart        |    87 |    82 |   119 |   471 ||   759
       Mephitic Cloud    |     3 |    17 |    73 |    94 ||   187
       Call Imp          |       |       |    64 |    51 ||   115
       Conjure Flame     |       |       |    11 |    49 ||    60
       Blink             |       |       |     6 |    13 ||    19
Evoke: Wand              |       |       |     7 |     9 ||    16
  Use: Scroll            |     4 |     4 |     6 |     5 ||    19
       Potion            |       |       |     2 |       ||     2
  Eat: Chunk             |     3 |     7 |    19 |    24 ||    53
       Royal jelly       |       |     1 |     1 |     1 ||     3
       Bread ration      |       |       |     1 |       ||     1
       Fruit             |       |       |       |     1 ||     1
Armor: Skin              |     5 |     4 |    28 |    50 ||    87
Dodge: Dodged            |    25 |    27 |    90 |   153 ||   295

Table legend:
 A = Spawn XP
 B = Non-spawn XP
 C = Spawn XP percentage of total XP
 D = Spawn monster count
 E = Non-spawn monster count
 F = Spawn count percentage of total count
 G = Total turns spent on level
                    A         B        C        D         E        F      G
               +---------+---------+-------+---------+---------+-------+---------
         Total |       0 |   17311 |   0.0 |       0 |     313 |   0.0 | 18340
               +---------+---------+-------+---------+---------+-------+---------
           D:1 |       0 |      25 |   0.0 |       0 |      15 |   0.0 |   903
           D:2 |       0 |     104 |   0.0 |       0 |      29 |   0.0 |  2247
           D:3 |       0 |     402 |   0.0 |       0 |      26 |   0.0 |  1216
           D:4 |       0 |     476 |   0.0 |       0 |      20 |   0.0 |  1713
           D:5 |       0 |    1005 |   0.0 |       0 |      29 |   0.0 |  2205
           D:6 |       0 |    1163 |   0.0 |       0 |      10 |   0.0 |   996
           D:7 |       0 |    1764 |   0.0 |       0 |      27 |   0.0 |  1235
           D:8 |       0 |    2662 |   0.0 |       0 |      41 |   0.0 |  2315
           D:9 |       0 |    2306 |   0.0 |       0 |      16 |   0.0 |  1337
          D:10 |       0 |    1915 |   0.0 |       0 |      31 |   0.0 |  1250
          D:11 |       0 |    5489 |   0.0 |       0 |      69 |   0.0 |  2863
               +---------+---------+-------+---------+---------+-------+---------
